Canucks vs Predators

Created - 8 février 2021 at 20:38

Goals
1 2 3 T
Canucks 1 1 2 4
Predators 1 1 0 2
Shots
1 2 3 T
Canucks 10 9 12 31
Predators 14 6 13 33

1st period

1. Canucks , Craig Smith 3 (Blake Coleman 11, Anthony Duclair 23) at 7:57
2. Predators , Evgeny Kuznetsov 15 (J.T. Miller 28, Max Pacioretty 15) at 13:33

Penalties :
Jake Muzzin (VAN) for Interference (Minor) at 8:03, Darnell Nurse (NSH) for Hooking (Minor) at 10:14

2nd period

3. Canucks , Brayden Point 22 (Ryan Ellis 35, Ryan O'Reilly 40) at 0:49
4. Predators , Max Pacioretty 13 (J.T. Miller 29, Oscar Klefbom 21) at 9:05

Penalties :
Blake Coleman (VAN) for Holding (Minor) at 14:56, Alex Tuch (NSH) for Hooking (Minor) at 18:37

3rd period

5. Canucks , Brayden Point 23 (Jake Muzzin 16) at 14:16
6. Canucks , Jake Muzzin 4 (Mitch Marner 32, Aaron Ekblad 19) at 14:29

Penalties :
Max Pacioretty (NSH) for Roughing (Minor) at 1:08, Steven Stamkos (NSH) for Interference (Minor) at 15:18

Goalie Stats

Carey Price (VAN), 31 saves from 33 shots - (0,939), W, 26-15-5, 60:00 minutes
Thomas Greiss (NSH), 27 saves from 31 shots - (0,871), L, 13-11-3, 60:00 minutes

Players Stats for Canucks

Player Name              G  A  P  +/- PIM S  H  SB GA TA FO     MP     PP MP  PK MP  
------------------------------------------------------------------------------------
Aaron Ekblad             0  1  1   1  0   1  0  1  0  0  0/0    19:59   3:27   1:41 
Anthony Duclair          0  1  1   1  0   1  0  0  0  0  0/0    15:03   0:00   0:00 
Blake Coleman            0  1  1   1  2   2  2  1  0  0  4/14   14:30   0:00   0:00 
Boone Jenner             0  0  0   0  0   2  4  0  0  0  12/28  20:12   4:00   1:13 
Brayden Point            2  0  2   2  0   7  1  0  0  0  1/3    19:25   3:56   2:34 
Chris Tierney            0  0  0   0  0   2  0  0  0  0  1/1    18:32   4:00   0:00 
Craig Smith              1  0  1   1  0   1  1  1  0  0  1/1    14:31   0:00   0:00 
Ian Cole                 0  0  0   0  0   0  3  1  0  0  0/0    15:43   0:00   0:43 
Jake Muzzin              1  1  2   1  2   1  0  1  0  0  0/0    19:04   3:27   0:47 
Jake Virtanen            0  0  0  -1  0   0  3  0  0  0  0/0     6:08   0:00   0:00 
Kevin Hayes              0  0  0   2  0   1  2  0  0  0  2/2    18:04   3:56   1:13 
Michal Kempny            0  0  0   0  0   0  0  0  0  0  0/0     4:24   0:00   0:11 
Mitch Marner             0  1  1   0  0   4  0  0  0  0  2/2    18:32   4:00   0:00 
Morgan Rielly            0  0  0   1  0   3  4  0  0  0  0/0    25:01   4:29   2:17 
Ron Hainsey              0  0  0   0  0   1  0  1  0  0  0/0    15:00   0:00   0:00 
Ryan Ellis               0  1  1   1  0   2  1  1  0  0  0/0    20:48   4:29   2:17 
Ryan O'Reilly            0  1  1   1  0   3  0  0  0  0  19/37  24:07   3:56   2:07 
Tanner Pearson           0  0  0  -1  0   0  2  0  0  0  0/1     6:57   0:00   0:49 

Players Stats for Predators

Player Name              G  A  P  +/- PIM S  H  SB GA TA FO     MP     PP MP  PK MP  
------------------------------------------------------------------------------------
Alex Tuch                0  0  0  -1  2   3  2  0  0  0  0/2    11:10   0:24   0:30 
Alexander Kerfoot        0  0  0  -1  0   1  2  0  0  0  0/1    15:18   0:00   5:01 
Bo Horvat                0  0  0  -2  0   2  3  1  0  0  12/24  17:10   1:32   0:00 
Brendan Smith            0  0  0   0  0   0  1  0  0  0  0/1     8:01   0:00   2:31 
Colton Sissons           0  0  0   0  0   1  0  0  0  0  7/15   10:23   0:24   4:29 
Darnell Nurse            0  0  0   0  2   0  0  1  0  0  0/0    16:15   0:00   2:40 
Evgeny Kuznetsov         1  0  1   1  0   4  1  0  0  0  15/28  19:56   2:02   1:13 
J.T. Compher             0  0  0  -1  0   2  2  0  0  0  11/16  14:37   2:02   2:18 
J.T. Miller              0  2  2   1  0   6  1  0  0  0  0/0    18:40   1:56   0:03 
Kyle Connor              0  0  0  -2  0   8  1  0  0  0  0/0    17:40   2:02   0:00 
Max Pacioretty           1  1  2   1  2   1  1  0  0  0  0/0    18:42   2:02   0:00 
Nikita Zadorov           0  0  0   0  0   0  1  0  0  0  0/0    14:32   0:00   0:56 
Oliver Ekman-Larsson     0  0  0   0  0   0  3  1  0  0  0/0    21:34   1:56   3:30 
Oscar Klefbom            0  1  1   0  0   1  0  1  0  0  0/0    18:10   2:02   0:00 
Roman Josi               0  0  0  -2  0   1  3  0  0  0  0/0    24:25   1:56   4:07 
Steven Stamkos           0  0  0  -2  2   2  3  0  0  0  2/2    17:09   1:32   0:00 
Thomas Chabot            0  0  0  -2  0   1  2  3  0  0  0/0    22:48   0:00   4:26 
Tyler Pitlick            0  0  0   0  0   0  0  0  0  0  0/0     5:30   0:00   0:00 

3 Stars

1 - Brayden Point (VAN)
2 - Craig Smith (VAN)
3 - Jake Muzzin (VAN)

Power Play

Canucks - 0 on 4 Attempt(s) - 0,00%
Predators - 0 on 2 Attempt(s) - 0,00%

Penalty Kill

Canucks - 2 on 2 Attempt(s) - 100,00% - Score 0 goal in Penalty Kill
Predators - 4 on 4 Attempt(s) - 100,00% - Score 0 goal in Penalty Kill

Team Stat

Canucks - Hits : 23 - Faceoff Wins : 42 - Blocked Shots : 7 - Penalty Minutes : 4
Predators - Hits : 26 - Faceoff Wins : 47 - Blocked Shots : 7 - Penalty Minutes : 8

Official

Referees : Steve Kozari and TJ Luxmore
Linesman : Scott Driscoll and Luke Murray

Game Notes

No Game Note

Finance

Level 1 -- Attendance: 4837 (74,42%) -- Ticket Income 725 550 $
Level 2 -- Attendance: 3379 (67,58%) -- Ticket Income 422 375 $
Level 3 -- Attendance: 2064 (58,97%) -- Ticket Income 206 400 $
Level 4 -- Attendance: 1113 (100,00%) -- Ticket Income 83 475 $
Luxury Box -- Attendance: 650 (65,00%) -- Ticket Income 195 000 $
Game was played at the Bridgestone Arena.
Total Attendance: 12043 (70,37%)
Total Ticket Income: 1 632 800 $
Other Income: 800 072 $
Total Income: 2 432 872 $

% Time on Ice - Canucks

Lines # - Real PCT - Wanted PCT - Time Play
Normal Forward
1 - 27% - 40% - 12:55
2 - 30% - 30% - 14:32
3 - 30% - 20% - 14:31
4 - 13% - 10% - 6:08
Normal Defense
1 - 29% - 40% - 14:02
2 - 31% - 30% - 14:51
3 - 31% - 20% - 15:00
4 - 9% - 10% - 4:13
PP Forward
1 - 50% - 60% - 3:56
2 - 50% - 40% - 4:00
PP Defense
1 - 57% - 60% - 4:29
2 - 43% - 40% - 3:27
PK Forward
1 - 69% - 60% - 2:45
2 - 31% - 40% - 1:13
PK Defense
1 - 58% - 60% - 2:17
2 - 42% - 40% - 1:41
PK3 Forward
1 - 0% - 60%
2 - 0% - 40%
PK3 Defense
1 - 0% - 60%
2 - 0% - 40%
44 Forward
1 - 0% - 60%
2 - 0% - 40%
44 Defense
1 - 0% - 60%
2 - 0% - 40%
Last Minute Offensive  - 0:00
Last Minute Defensive  - 0:00
Total
Forward - 60:00
Defense - 60:00

% Time on Ice - Predators

Lines # - Real PCT - Wanted PCT - Time Play
Normal Forward
1 - 33% - 35% - 15:38
2 - 35% - 35% - 16:41
3 - 21% - 23% - 10:17
4 - 11% - 7% - 5:30
Normal Defense
1 - 38% - 39% - 18:22
2 - 34% - 34% - 16:08
3 - 28% - 26% - 13:36
4 - 0% - 1% - 0:00
PP Forward
1 - 49% - 60% - 1:56
2 - 51% - 40% - 2:02
PP Defense
1 - 49% - 60% - 1:56
2 - 51% - 40% - 2:02
PK Forward
1 - 71% - 60% - 5:38
2 - 29% - 40% - 2:18
PK Defense
1 - 56% - 60% - 4:26
2 - 44% - 40% - 3:30
PK3 Forward
1 - 0% - 60%
2 - 0% - 40%
PK3 Defense
1 - 0% - 60%
2 - 0% - 40%
44 Forward
1 - 0% - 60%
2 - 0% - 40%
44 Defense
1 - 0% - 60%
2 - 0% - 40%
Last Minute Offensive  - 0:00
Last Minute Defensive  - 0:00
Total
Forward - 60:00
Defense - 60:00

Play-by-Play

1st period


0:01 of 1st period - Ryan O'Reilly wins face-off versus Bo Horvat in neutral zone.
0:14 of 1st period - Kevin Hayes is hit by Kyle Connor and loses puck.
0:32 of 1st period - Roman Josi is hit by Kevin Hayes and loses puck.
0:50 of 1st period - Steven Stamkos is hit by Brayden Point and loses puck.
1:25 of 1st period - Shot by J.T. Miller.
1:25 of 1st period - Stopped by Carey Price without a rebound.
1:26 of 1st period - J.T. Compher wins face-off versus Blake Coleman in Canucks zone.
1:29 of 1st period - Shot by Alexander Kerfoot.
1:29 of 1st period - Stopped by Carey Price with a rebound.
1:33 of 1st period - Shot by Alexander Kerfoot.
1:33 of 1st period - Shot Blocked by Ian Cole.
1:45 of 1st period - Shot by Alex Tuch.
1:45 of 1st period - Stopped by Carey Price without a rebound.
1:46 of 1st period - Colton Sissons wins face-off versus Boone Jenner in Canucks zone.
1:59 of 1st period - Shot by Chris Tierney.
1:59 of 1st period - Deflect By Mitch Marner.
1:59 of 1st period - Shot Misses the Net.
2:43 of 1st period - Icing by Craig Smith.
2:44 of 1st period - Blake Coleman wins face-off versus Evgeny Kuznetsov in Canucks zone.
2:58 of 1st period - Shot by Evgeny Kuznetsov.
2:58 of 1st period - Shot Misses the Net.
3:02 of 1st period - Shot by Max Pacioretty.
3:02 of 1st period - Shot Blocked by Craig Smith.
3:04 of 1st period - Shot by J.T. Miller.
3:04 of 1st period - Stopped by Carey Price without a rebound.
3:05 of 1st period - Ryan O'Reilly wins face-off versus Alexander Kerfoot in Canucks zone.
3:27 of 1st period - Shot by Tanner Pearson.
3:27 of 1st period - Shot Hit the Post.
3:29 of 1st period - Shot by Ryan O'Reilly.
3:29 of 1st period - Stopped by Thomas Greiss without a rebound.
3:30 of 1st period - Mitch Marner wins face-off versus Evgeny Kuznetsov in Predators zone.
3:50 of 1st period - Shot by Evgeny Kuznetsov.
3:50 of 1st period - Stopped by Carey Price without a rebound.
3:51 of 1st period - Ryan O'Reilly wins face-off versus Bo Horvat in Canucks zone.
4:25 of 1st period - Shot by Brayden Point.
4:25 of 1st period - Stopped by Thomas Greiss without a rebound.
4:26 of 1st period - Blake Coleman wins face-off versus Evgeny Kuznetsov in Predators zone.
4:29 of 1st period - Shot by Anthony Duclair.
4:29 of 1st period - Stopped by Thomas Greiss without a rebound.
4:30 of 1st period - Blake Coleman wins face-off versus Evgeny Kuznetsov in Predators zone.
5:00 of 1st period - Shot by Anthony Duclair.
5:00 of 1st period - Shot Misses the Net.
5:05 of 1st period - Darnell Nurse is hit by Blake Coleman and loses puck.
5:36 of 1st period - Shot by Alex Tuch.
5:36 of 1st period - Stopped by Carey Price without a rebound.
5:37 of 1st period - Steven Stamkos wins face-off versus Ryan O'Reilly in Canucks zone.
5:59 of 1st period - Icing by Morgan Rielly.
6:00 of 1st period - Ryan O'Reilly wins face-off versus Alex Tuch in Canucks zone.
6:14 of 1st period - Oliver Ekman-Larsson is hit by Ryan Ellis and loses puck.
6:24 of 1st period - Off-side.
6:25 of 1st period - Bo Horvat wins face-off versus Boone Jenner in neutral zone.
6:32 of 1st period - Shot by Thomas Chabot.
6:32 of 1st period - Stopped by Carey Price without a rebound.
6:33 of 1st period - Chris Tierney wins face-off versus Bo Horvat in Canucks zone.
6:47 of 1st period - Shot by Steven Stamkos.
6:47 of 1st period - Shot Misses the Net.
6:55 of 1st period - Mitch Marner is hit by Steven Stamkos and loses puck.
7:29 of 1st period - Shot by Ryan O'Reilly.
7:29 of 1st period - Shot Misses the Net.
7:32 of 1st period - Icing by Thomas Chabot.
7:33 of 1st period - Blake Coleman wins face-off versus Bo Horvat in Predators zone.
7:53 of 1st period - Shot by Blake Coleman.
7:53 of 1st period - Shot Misses the Net.
7:55 of 1st period - Shot by Anthony Duclair.
7:55 of 1st period - Shot Blocked by Bo Horvat.
7:57 of 1st period - Shot by Blake Coleman.
7:57 of 1st period - Deflect By Craig Smith.
7:57 of 1st period - Goal by Craig Smith - Canucks : 1 - Predators : 0.
7:58 of 1st period - Kevin Hayes wins face-off versus Evgeny Kuznetsov in neutral zone.
8:00 of 1st period - Off-side.
8:01 of 1st period - Evgeny Kuznetsov wins face-off versus Tanner Pearson in neutral zone.
8:03 of 1st period - Minor Penalty to Jake Muzzin for Interference.
8:04 of 1st period - Evgeny Kuznetsov wins face-off versus Ryan O'Reilly in Canucks zone.
8:15 of 1st period - Shot by Oscar Klefbom.
8:15 of 1st period - Shot Misses the Net.
8:26 of 1st period - Oscar Klefbom is hit by Morgan Rielly.
8:36 of 1st period - Shot by Evgeny Kuznetsov.
8:36 of 1st period - Shot Misses the Net.
9:46 of 1st period - Roman Josi is hit by Kevin Hayes.
9:50 of 1st period - Morgan Rielly is hit by J.T. Miller.
10:12 of 1st period - Shot by Anthony Duclair.
10:12 of 1st period - Shot Misses the Net.
10:14 of 1st period - Shot by Blake Coleman.
10:14 of 1st period - Stopped by Thomas Greiss without a rebound.
10:14 of 1st period - Minor Penalty to Darnell Nurse for Hooking.
10:15 of 1st period - Colton Sissons wins face-off versus Boone Jenner in Predators zone.
10:15 of 1st period - Colton Sissons is hit by Boone Jenner.
11:09 of 1st period - Icing by Boone Jenner.
11:10 of 1st period - Evgeny Kuznetsov wins face-off versus Boone Jenner in Canucks zone.
11:48 of 1st period - Shot by Morgan Rielly.
11:48 of 1st period - Stopped by Thomas Greiss with a rebound.
11:58 of 1st period - Shot by Ryan Ellis.
11:58 of 1st period - Shot Misses the Net.
12:00 of 1st period - Shot by Morgan Rielly.
12:00 of 1st period - Shot Blocked by Oliver Ekman-Larsson.
12:02 of 1st period - Shot by Ryan O'Reilly.
12:02 of 1st period - Stopped by Thomas Greiss without a rebound.
12:03 of 1st period - Colton Sissons wins face-off versus Ryan O'Reilly in Predators zone.
12:13 of 1st period - Ryan Ellis is hit by Roman Josi and loses puck.
12:44 of 1st period - Shot by Steven Stamkos.
12:44 of 1st period - Stopped by Carey Price with a rebound.
13:29 of 1st period - Shot by Max Pacioretty.
13:29 of 1st period - Shot Misses the Net.
13:31 of 1st period - Shot by J.T. Miller.
13:31 of 1st period - Shot Misses the Net.
13:33 of 1st period - Shot by Evgeny Kuznetsov.
13:33 of 1st period - Goal by Evgeny Kuznetsov - Canucks : 1 - Predators : 1.
13:34 of 1st period - Boone Jenner wins face-off versus J.T. Compher in neutral zone.
13:34 of 1st period - Mitch Marner is hit by Alexander Kerfoot and loses puck.
13:51 of 1st period - Shot by Mitch Marner.
13:51 of 1st period - Stopped by Thomas Greiss with a rebound.
13:53 of 1st period - Shot by Boone Jenner.
13:53 of 1st period - Stopped by Thomas Greiss without a rebound.
13:54 of 1st period - Ryan O'Reilly wins face-off versus Bo Horvat in Predators zone.
14:22 of 1st period - Off-side.
14:23 of 1st period - Boone Jenner wins face-off versus Evgeny Kuznetsov in neutral zone.
14:40 of 1st period - Shot by Chris Tierney.
14:40 of 1st period - Stopped by Thomas Greiss without a rebound.
14:41 of 1st period - J.T. Compher wins face-off versus Blake Coleman in Predators zone.
16:30 of 1st period - Bo Horvat is hit by Blake Coleman and loses puck.
17:11 of 1st period - Shot by Colton Sissons.
17:11 of 1st period - Stopped by Carey Price without a rebound.
17:12 of 1st period - Boone Jenner wins face-off versus J.T. Compher in Canucks zone.
17:12 of 1st period - Boone Jenner is hit by J.T. Compher.
17:40 of 1st period - Shot by J.T. Compher.
17:40 of 1st period - Stopped by Carey Price with a rebound.
18:02 of 1st period - Off-side.
18:03 of 1st period - Evgeny Kuznetsov wins face-off versus Ryan O'Reilly in neutral zone.
18:30 of 1st period - Shot by J.T. Miller.
18:30 of 1st period - Stopped by Carey Price without a rebound.
18:31 of 1st period - Bo Horvat wins face-off versus Ryan O'Reilly in Canucks zone.
18:36 of 1st period - Shot by Kyle Connor.
18:36 of 1st period - Stopped by Carey Price with a rebound.
18:39 of 1st period - Icing by Michal Kempny.
18:40 of 1st period - Ryan O'Reilly wins face-off versus Bo Horvat in Canucks zone.
18:47 of 1st period - Kyle Connor is hit by Tanner Pearson and loses puck.
18:56 of 1st period - Roman Josi is hit by Tanner Pearson and loses puck.
19:09 of 1st period - Shot by Kyle Connor.
19:09 of 1st period - Stopped by Carey Price without a rebound.
19:10 of 1st period - Evgeny Kuznetsov wins face-off versus Boone Jenner in Canucks zone.
Goals for this period are 1 for Canucks vs 1 for Predators.
Shots for this period are 10 for Canucks vs 14 for Predators.

2nd period


0:01 of 2nd period - Ryan O'Reilly wins face-off versus Evgeny Kuznetsov in neutral zone.
0:20 of 2nd period - Icing by Kevin Hayes.
0:21 of 2nd period - J.T. Compher wins face-off versus Brayden Point in Canucks zone.
0:22 of 2nd period - Shot by Alexander Kerfoot.
0:22 of 2nd period - Deflect By Alex Tuch.
0:22 of 2nd period - Stopped by Carey Price without a rebound.
0:23 of 2nd period - Mitch Marner wins face-off versus J.T. Compher in Canucks zone.
0:32 of 2nd period - Shot by Mitch Marner.
0:32 of 2nd period - Shot Misses the Net.
0:34 of 2nd period - Shot by Mitch Marner.
0:34 of 2nd period - Stopped by Thomas Greiss without a rebound.
0:35 of 2nd period - Ryan O'Reilly wins face-off versus Evgeny Kuznetsov in Predators zone.
0:49 of 2nd period - Shot by Brayden Point.
0:49 of 2nd period - Goal by Brayden Point - Canucks : 2 - Predators : 1.
0:50 of 2nd period - Bo Horvat wins face-off versus Boone Jenner in neutral zone.
1:12 of 2nd period - Shot by Mitch Marner.
1:12 of 2nd period - Deflect By Chris Tierney.
1:12 of 2nd period - Shot Misses the Net.
1:22 of 2nd period - Shot by Steven Stamkos.
1:22 of 2nd period - Stopped by Carey Price without a rebound.
1:23 of 2nd period - Ryan O'Reilly wins face-off versus Evgeny Kuznetsov in Canucks zone.
1:34 of 2nd period - Shot by Ryan O'Reilly.
1:34 of 2nd period - Stopped by Thomas Greiss with a rebound.
2:29 of 2nd period - Shot by Blake Coleman.
2:29 of 2nd period - Shot Misses the Net.
2:31 of 2nd period - Shot by Anthony Duclair.
2:31 of 2nd period - Shot Misses the Net.
2:37 of 2nd period - Shot by Anthony Duclair.
2:37 of 2nd period - Shot Blocked by Thomas Chabot.
2:39 of 2nd period - Shot by Ron Hainsey.
2:39 of 2nd period - Shot Blocked by Thomas Chabot.
2:41 of 2nd period - Shot by Ron Hainsey.
2:41 of 2nd period - Stopped by Thomas Greiss without a rebound.
2:42 of 2nd period - J.T. Compher wins face-off versus Boone Jenner in Predators zone.
3:25 of 2nd period - Oliver Ekman-Larsson is hit by Boone Jenner and loses puck.
3:45 of 2nd period - Aaron Ekblad is hit by Bo Horvat and loses puck.
5:03 of 2nd period - Anthony Duclair is hit by Bo Horvat and loses puck.
5:35 of 2nd period - Roman Josi is hit by Jake Virtanen.
5:40 of 2nd period - Roman Josi is hit by Morgan Rielly and loses puck.
6:27 of 2nd period - Shot by Evgeny Kuznetsov.
6:27 of 2nd period - Shot Misses the Net.
7:00 of 2nd period - J.T. Compher is hit by Jake Virtanen.
7:13 of 2nd period - Icing by Morgan Rielly.
7:14 of 2nd period - J.T. Compher wins face-off versus Ryan O'Reilly in Canucks zone.
8:24 of 2nd period - Blake Coleman is hit by Alex Tuch and loses puck.
8:49 of 2nd period - Shot by Blake Coleman.
8:49 of 2nd period - Stopped by Thomas Greiss without a rebound.
8:50 of 2nd period - Evgeny Kuznetsov wins face-off versus Boone Jenner in Predators zone.
8:50 of 2nd period - Evgeny Kuznetsov is hit by Boone Jenner.
9:05 of 2nd period - Shot by J.T. Miller.
9:05 of 2nd period - Deflect By Max Pacioretty.
9:05 of 2nd period - Goal by Max Pacioretty - Canucks : 2 - Predators : 2.
9:06 of 2nd period - Bo Horvat wins face-off versus Blake Coleman in neutral zone.
9:31 of 2nd period - Icing by Blake Coleman.
9:32 of 2nd period - Evgeny Kuznetsov wins face-off versus Blake Coleman in Canucks zone.
10:48 of 2nd period - Brayden Point is hit by Thomas Chabot and loses puck.
11:23 of 2nd period - Blake Coleman is hit by Steven Stamkos and loses puck.
11:33 of 2nd period - Blake Coleman is hit by Roman Josi and loses puck.
12:45 of 2nd period - Ryan O'Reilly is hit by Oliver Ekman-Larsson and loses puck.
13:21 of 2nd period - Shot by Brayden Point.
13:21 of 2nd period - Stopped by Thomas Greiss with a rebound.
13:23 of 2nd period - Shot by Ron Hainsey.
13:23 of 2nd period - Shot Blocked by Oscar Klefbom.
13:25 of 2nd period - Shot by Kevin Hayes.
13:25 of 2nd period - Shot Misses the Net.
13:30 of 2nd period - Icing by Oscar Klefbom.
13:31 of 2nd period - Colton Sissons wins face-off versus Boone Jenner in Predators zone.
13:33 of 2nd period - Icing by Oliver Ekman-Larsson.
13:34 of 2nd period - Colton Sissons wins face-off versus Boone Jenner in Predators zone.
14:09 of 2nd period - Darnell Nurse is hit by Boone Jenner and loses puck.
14:39 of 2nd period - Icing by Ryan Ellis.
14:40 of 2nd period - Bo Horvat wins face-off versus Ryan O'Reilly in Canucks zone.
14:53 of 2nd period - Shot by Kevin Hayes.
14:53 of 2nd period - Deflect By Brayden Point.
14:53 of 2nd period - Stopped by Thomas Greiss without a rebound.
14:54 of 2nd period - J.T. Compher wins face-off versus Blake Coleman in Predators zone.
14:56 of 2nd period - Minor Penalty to Blake Coleman for Holding.
14:57 of 2nd period - Bo Horvat wins face-off versus Ryan O'Reilly in Canucks zone.
15:00 of 2nd period - Shot by J.T. Miller.
15:00 of 2nd period - Stopped by Carey Price without a rebound.
15:01 of 2nd period - Ryan O'Reilly wins face-off versus Bo Horvat in Canucks zone.
16:13 of 2nd period - Shot by Kyle Connor.
16:13 of 2nd period - Shot Blocked by Jake Muzzin.
16:15 of 2nd period - Shot by Oscar Klefbom.
16:15 of 2nd period - Shot Misses the Net.
16:17 of 2nd period - Shot by Oscar Klefbom.
16:17 of 2nd period - Stopped by Carey Price without a rebound.
16:18 of 2nd period - Evgeny Kuznetsov wins face-off versus Brayden Point in Canucks zone.
16:23 of 2nd period - Shot by Kyle Connor.
16:23 of 2nd period - Shot Misses the Net.
16:30 of 2nd period - Evgeny Kuznetsov is hit by Morgan Rielly and loses puck.
17:27 of 2nd period - Chris Tierney is hit by Brendan Smith and loses puck.
18:14 of 2nd period - Shot by Steven Stamkos.
18:14 of 2nd period - Shot Blocked by Aaron Ekblad.
18:16 of 2nd period - Shot by Roman Josi.
18:16 of 2nd period - Stopped by Carey Price without a rebound.
18:17 of 2nd period - J.T. Compher wins face-off versus Ryan O'Reilly in Canucks zone.
18:36 of 2nd period - Shot by Oliver Ekman-Larsson.
18:36 of 2nd period - Shot Misses the Net.
18:37 of 2nd period - Minor Penalty to Alex Tuch for Hooking.
18:38 of 2nd period - Boone Jenner wins face-off versus Colton Sissons in Predators zone.
18:39 of 2nd period - Shot by Ryan Ellis.
18:39 of 2nd period - Shot Misses the Net.
18:41 of 2nd period - Shot by Mitch Marner.
18:41 of 2nd period - Shot Misses the Net.
18:43 of 2nd period - Shot by Ryan Ellis.
18:43 of 2nd period - Stopped by Thomas Greiss without a rebound.
18:44 of 2nd period - Ryan O'Reilly wins face-off versus Colton Sissons in Predators zone.
18:49 of 2nd period - Shot by Brayden Point.
18:49 of 2nd period - Stopped by Thomas Greiss without a rebound.
18:50 of 2nd period - Colton Sissons wins face-off versus Ryan O'Reilly in Predators zone.
19:17 of 2nd period - Icing by Kevin Hayes.
19:18 of 2nd period - Ryan O'Reilly wins face-off versus Colton Sissons in Canucks zone.
19:28 of 2nd period - Off-side.
19:29 of 2nd period - Boone Jenner wins face-off versus Colton Sissons in neutral zone.
19:49 of 2nd period - Shot by Chris Tierney.
19:49 of 2nd period - Shot Hit the Post.
19:51 of 2nd period - Shot by Boone Jenner.
19:51 of 2nd period - Shot Blocked by Darnell Nurse.
Goals for this period are 1 for Canucks vs 1 for Predators.
Shots for this period are 9 for Canucks vs 6 for Predators.

3rd period


0:01 of 3rd period - Ryan O'Reilly wins face-off versus Colton Sissons in neutral zone.
0:10 of 3rd period - Shot by Morgan Rielly.
0:10 of 3rd period - Shot Blocked by Thomas Chabot.
0:12 of 3rd period - Shot by Ryan O'Reilly.
0:12 of 3rd period - Deflect By Brayden Point.
0:12 of 3rd period - Stopped by Thomas Greiss without a rebound.
0:13 of 3rd period - Colton Sissons wins face-off versus Boone Jenner in Predators zone.
0:37 of 3rd period - Icing by Morgan Rielly.
0:38 of 3rd period - Ryan O'Reilly wins face-off versus Evgeny Kuznetsov in Canucks zone.
1:08 of 3rd period - Minor Penalty to Max Pacioretty for Roughing.
1:09 of 3rd period - Boone Jenner wins face-off versus Colton Sissons in Predators zone.
2:14 of 3rd period - Shot by Aaron Ekblad.
2:14 of 3rd period - Stopped by Thomas Greiss without a rebound.
2:15 of 3rd period - Brayden Point wins face-off versus Brendan Smith in Predators zone.
3:13 of 3rd period - Ian Cole is hit by Oliver Ekman-Larsson and loses puck.
3:17 of 3rd period - Icing by Oscar Klefbom.
3:18 of 3rd period - Bo Horvat wins face-off versus Blake Coleman in Predators zone.
3:18 of 3rd period - Bo Horvat is hit by Craig Smith.
3:53 of 3rd period - Shot by Steven Stamkos.
3:53 of 3rd period - Shot Blocked by Ron Hainsey.
3:55 of 3rd period - Shot by Kyle Connor.
3:55 of 3rd period - Stopped by Carey Price without a rebound.
3:56 of 3rd period - Evgeny Kuznetsov wins face-off versus Boone Jenner in Canucks zone.
3:59 of 3rd period - Shot by J.T. Miller.
3:59 of 3rd period - Stopped by Carey Price without a rebound.
4:00 of 3rd period - Ryan O'Reilly wins face-off versus Evgeny Kuznetsov in Canucks zone.
4:00 of 3rd period - Ryan O'Reilly is hit by Max Pacioretty.
4:13 of 3rd period - Icing by Roman Josi.
4:14 of 3rd period - Evgeny Kuznetsov wins face-off versus Boone Jenner in Predators zone.
4:21 of 3rd period - Chris Tierney is hit by Evgeny Kuznetsov and loses puck.
5:16 of 3rd period - Shot by Kyle Connor.
5:16 of 3rd period - Stopped by Carey Price without a rebound.
5:17 of 3rd period - Ryan O'Reilly wins face-off versus J.T. Compher in Canucks zone.
5:17 of 3rd period - Ryan O'Reilly is hit by J.T. Compher.
5:36 of 3rd period - Brayden Point is hit by Nikita Zadorov and loses puck.
6:32 of 3rd period - Anthony Duclair is hit by Steven Stamkos and loses puck.
6:49 of 3rd period - Anthony Duclair is hit by Bo Horvat and loses puck.
7:21 of 3rd period - Shot by Evgeny Kuznetsov.
7:21 of 3rd period - Shot Misses the Net.
7:23 of 3rd period - Shot by Evgeny Kuznetsov.
7:23 of 3rd period - Deflect By Max Pacioretty.
7:23 of 3rd period - Shot Misses the Net.
7:25 of 3rd period - Shot by J.T. Miller.
7:25 of 3rd period - Shot Misses the Net.
7:42 of 3rd period - J.T. Miller is hit by Ian Cole and loses puck.
8:04 of 3rd period - Icing by Ron Hainsey.
8:05 of 3rd period - J.T. Compher wins face-off versus Blake Coleman in Canucks zone.
8:20 of 3rd period - Shot by Alexander Kerfoot.
8:20 of 3rd period - Shot Misses the Net.
8:26 of 3rd period - Shot by Alexander Kerfoot.
8:26 of 3rd period - Shot Misses the Net.
8:28 of 3rd period - Shot by J.T. Compher.
8:28 of 3rd period - Stopped by Carey Price without a rebound.
8:29 of 3rd period - Bo Horvat wins face-off versus Ryan O'Reilly in Canucks zone.
8:35 of 3rd period - Kyle Connor is hit by Morgan Rielly and loses puck.
8:40 of 3rd period - Shot by Bo Horvat.
8:40 of 3rd period - Shot Misses the Net.
8:42 of 3rd period - Shot by Bo Horvat.
8:42 of 3rd period - Deflect By Kyle Connor.
8:42 of 3rd period - Shot Blocked by Ryan Ellis.
8:44 of 3rd period - Shot by Kyle Connor.
8:44 of 3rd period - Stopped by Carey Price without a rebound.
8:45 of 3rd period - Evgeny Kuznetsov wins face-off versus Boone Jenner in Canucks zone.
9:37 of 3rd period - Icing by Jake Muzzin.
9:38 of 3rd period - Boone Jenner wins face-off versus Bo Horvat in Canucks zone.
10:12 of 3rd period - Icing by Ryan O'Reilly.
10:13 of 3rd period - Ryan O'Reilly wins face-off versus Alex Tuch in Canucks zone.
10:13 of 3rd period - Ryan O'Reilly is hit by Alex Tuch.
11:12 of 3rd period - Icing by Alex Tuch.
11:13 of 3rd period - Boone Jenner wins face-off versus J.T. Compher in Predators zone.
11:27 of 3rd period - Icing by J.T. Compher.
11:28 of 3rd period - J.T. Compher wins face-off versus Ryan O'Reilly in Predators zone.
11:28 of 3rd period - J.T. Compher is hit by Jake Virtanen.
11:34 of 3rd period - Ron Hainsey is hit by Alexander Kerfoot and loses puck.
11:51 of 3rd period - Shot by Max Pacioretty.
11:51 of 3rd period - Shot Misses the Net.
12:12 of 3rd period - Evgeny Kuznetsov is hit by Ian Cole and loses puck.
12:20 of 3rd period - J.T. Miller is hit by Ian Cole and loses puck.
12:45 of 3rd period - Shot by Ryan Ellis.
12:45 of 3rd period - Stopped by Thomas Greiss without a rebound.
12:46 of 3rd period - Boone Jenner wins face-off versus Colton Sissons in Predators zone.
13:01 of 3rd period - Mitch Marner is hit by Oliver Ekman-Larsson and loses puck.
13:12 of 3rd period - Shot by Mitch Marner.
13:12 of 3rd period - Shot Misses the Net.
13:14 of 3rd period - Shot by Mitch Marner.
13:14 of 3rd period - Stopped by Thomas Greiss without a rebound.
13:15 of 3rd period - Bo Horvat wins face-off versus Blake Coleman in Predators zone.
13:25 of 3rd period - Shot by Kyle Connor.
13:25 of 3rd period - Stopped by Carey Price without a rebound.
13:26 of 3rd period - Craig Smith wins face-off versus Evgeny Kuznetsov in Canucks zone.
13:51 of 3rd period - Shot by J.T. Miller.
13:51 of 3rd period - Shot Blocked by Blake Coleman.
14:06 of 3rd period - Shot by Evgeny Kuznetsov.
14:06 of 3rd period - Stopped by Carey Price without a rebound.
14:07 of 3rd period - Bo Horvat wins face-off versus Ryan O'Reilly in Canucks zone.
14:16 of 3rd period - Shot by Brayden Point.
14:16 of 3rd period - Goal by Brayden Point - Canucks : 3 - Predators : 2.
14:17 of 3rd period - J.T. Compher wins face-off versus Boone Jenner in neutral zone.
14:27 of 3rd period - Shot by Mitch Marner.
14:27 of 3rd period - Shot Misses the Net.
14:29 of 3rd period - Shot by Jake Muzzin.
14:29 of 3rd period - Goal by Jake Muzzin - Canucks : 4 - Predators : 2.
14:30 of 3rd period - Ryan O'Reilly wins face-off versus Bo Horvat in neutral zone.
14:37 of 3rd period - Shot by Ryan O'Reilly.
14:37 of 3rd period - Shot Hit the Post.
14:39 of 3rd period - Shot by Kevin Hayes.
14:39 of 3rd period - Shot Misses the Net.
14:41 of 3rd period - Shot by Morgan Rielly.
14:41 of 3rd period - Stopped by Thomas Greiss without a rebound.
14:42 of 3rd period - Boone Jenner wins face-off versus Evgeny Kuznetsov in Predators zone.
14:44 of 3rd period - Chris Tierney is hit by Thomas Chabot.
15:09 of 3rd period - Shot by Evgeny Kuznetsov.
15:09 of 3rd period - Stopped by Carey Price without a rebound.
15:10 of 3rd period - Bo Horvat wins face-off versus Ryan O'Reilly in Canucks zone.
15:13 of 3rd period - Shot by Kyle Connor.
15:13 of 3rd period - Stopped by Carey Price without a rebound.
15:14 of 3rd period - Ryan O'Reilly wins face-off versus Bo Horvat in Canucks zone.
15:18 of 3rd period - Minor Penalty to Steven Stamkos for Interference.
15:19 of 3rd period - Kevin Hayes wins face-off versus Colton Sissons in Predators zone.
17:15 of 3rd period - Shot by Brayden Point.
17:15 of 3rd period - Shot Misses the Net.
17:17 of 3rd period - Shot by Morgan Rielly.
17:17 of 3rd period - Stopped by Thomas Greiss without a rebound.
17:18 of 3rd period - Evgeny Kuznetsov wins face-off versus Blake Coleman in Predators zone.
17:20 of 3rd period - Icing by Oscar Klefbom.
17:21 of 3rd period - Evgeny Kuznetsov wins face-off versus Blake Coleman in Predators zone.
17:56 of 3rd period - Shot by Craig Smith.
17:56 of 3rd period - Shot Misses the Net.
18:23 of 3rd period - Shot by Bo Horvat.
18:23 of 3rd period - Stopped by Carey Price without a rebound.
18:24 of 3rd period - J.T. Compher wins face-off versus Ryan O'Reilly in Canucks zone.
18:42 of 3rd period - Shot by Kevin Hayes.
18:42 of 3rd period - Shot Misses the Net.
18:44 of 3rd period - Shot by Kevin Hayes.
18:44 of 3rd period - Stopped by Thomas Greiss without a rebound.
18:45 of 3rd period - Boone Jenner wins face-off versus Bo Horvat in Predators zone.
18:46 of 3rd period - Shot by Chris Tierney.
18:46 of 3rd period - Deflect By Mitch Marner.
18:46 of 3rd period - Stopped by Thomas Greiss with a rebound.
18:48 of 3rd period - Shot by Boone Jenner.
18:48 of 3rd period - Stopped by Thomas Greiss without a rebound.
18:49 of 3rd period - Boone Jenner wins face-off versus Bo Horvat in Predators zone.
18:49 of 3rd period - Boone Jenner is hit by Roman Josi.
18:55 of 3rd period - Shot by Mitch Marner.
18:55 of 3rd period - Deflect By Chris Tierney.
18:55 of 3rd period - Stopped by Thomas Greiss without a rebound.
18:56 of 3rd period - Bo Horvat wins face-off versus Ryan O'Reilly in Predators zone.
19:03 of 3rd period - Shot by Steven Stamkos.
19:03 of 3rd period - Shot Misses the Net.
19:19 of 3rd period - Off-side.
19:20 of 3rd period - Evgeny Kuznetsov wins face-off versus Boone Jenner in neutral zone.
19:35 of 3rd period - Shot by J.T. Miller.
19:35 of 3rd period - Stopped by Carey Price without a rebound.
19:36 of 3rd period - Steven Stamkos wins face-off versus Ryan O'Reilly in Canucks zone.
19:41 of 3rd period - Shot by Kyle Connor.
19:41 of 3rd period - Stopped by Carey Price with a rebound.
19:43 of 3rd period - Shot by Bo Horvat.
19:43 of 3rd period - Stopped by Carey Price without a rebound.
19:44 of 3rd period - Evgeny Kuznetsov wins face-off versus Ryan O'Reilly in Canucks zone.
Goals for this period are 2 for Canucks vs 0 for Predators.
Shots for this period are 12 for Canucks vs 13 for Predators.